Map: Dusty Gorge

Players

Vitoss

  • Race: Protoss Protoss
  • League: Platinum
  • Spawn Location: 5:00

ILIEKEGGPIE

  • Race: Protoss Protoss
  • League: Platinum
  • Spawn Location: 3:00

DomreiRoam

  • Race: Terran Terran
  • League: Platinum
  • Spawn Location: 9:00

Siwy

  • Race: Zerg Zerg
  • Spawn Location: 11:00

VOD

Have the link to the VOD?

Description

Time

  • Played on: May 26, 2018, 10:32 a.m.
  • Length: 12:18
Show
View Real Time Build Order
Export as new Build Order

Vitoss Protoss 

Build Orders: 1 Gate Expand 

Get SALT Encoding   

  1  0:00  Probe  
  13  0:15  Probe  
  14  0:27  Pylon, Probe  
  15  0:45  Probe  
  16  0:55  Probe  
  16  0:57  Gateway  
  16  1:03  Probe  
  17  1:04  Assimilator  
  18  1:11  Probe  
  18  1:14  Pylon  
  19  1:23  Probe  
  20  1:40  Nexus  
  20  1:43  Probe  
  21  1:53  Forge  
  21  1:58  Probe  
  21  2:00  Zealot  
  22  2:02  Assimilator  
  22  2:15  Probe  
  25  2:25  Gateway  
  25  2:29  Photon Cannon  
  25  2:38  Probe  
  25  2:40  Cybernetics Core  
  26  2:50  Probe  
  27  2:54  Pylon  
  27  2:59  Probe  
  27  3:00  Probe  
  29  3:08  Probe x2  
  29  3:11  Warp Gate  
  31  3:16  Probe  
  31  3:26  Stargate  
  32  3:27  Gateway  
  32  3:32  Sentry  
  34  3:46  Photon Cannon  
  34  3:54  Probe x2  
  36  4:06  Probe x2  
  38  4:10  Pylon  
  38  4:13  Oracle  
  38  4:16  Probe  
  41  4:18  Probe  
  41  4:19  Adept  
  41  4:20  Adept  
  47  4:25  Probe  
  47  4:30  Probe  
  49  4:33  Assimilator, Probe  
  49  4:36  Pylon  
  50  4:41  Twilight Council  
  50  4:42  Probe  
  50  4:45  Probe  
  52  4:46  Assimilator  
  52  4:50  Phoenix  
  54  4:54  Probe  
  54  4:57  Pylon  
  55  5:14  Void Ray  
  59  5:26  Shield Battery  
  59  5:32  Photon Cannon  
  59  5:54  Resonating Glaives  
  59  5:57  Oracle  
  59  5:58  Dark Shrine  
  59  6:00  Gateway  
  59  6:01  Gateway  
  62  6:04  Gateway x2  
  62  6:06  Probe  
  63  6:18  Probe  
  64  6:30  Probe  
  59  6:42  Probe  
  58  7:25  Protoss Air Weapons Level 1  
  58  7:29  Stalker, Blink  
  54  7:30  Stalker x4  
  54  7:31  Stalker  
  54  7:33  Phoenix  
  66  7:43  Photon Cannon  
  66  7:48  Shield Battery  
  66  7:49  Photon Cannon  
  66  7:50  Protoss Ground Weapons Level 1  
  66  7:53  Photon Cannon  
  66  7:57  Stalker  
  66  7:58  Stalker x4, Phoenix  
  78  7:59  Pylon  
  78  8:09  Pylon x2  
  78  8:10  Pylon  
  78  8:27  Phoenix  
  80  8:35  Stalker x3  
  80  8:36  Stalker x2  
  80  8:37  Stalker  
  88  8:52  Phoenix  
  90  9:02  Pylon  
  83  9:03  Pylon  
  83  9:14  Stalker x3  
  83  9:15  Stalker x3  
  95  9:17  Phoenix  
  97  9:36  Pylon  
  97  9:39  Gateway x2, Dark Templar x4  
  97  9:40  Pylon  
  97  9:42  Gateway  
  97  9:43  Gateway  
  97  10:01  Phoenix  
  98  10:22  Dark Templar x2  
  98  10:26  Phoenix  
  104  10:45  Adept x3  
  104  10:46  Adept x3  
  116  10:59  Pylon  
  116  11:06  Pylon  
  116  11:07  Pylon  
  116  11:10  Pylon  
  116  11:12  Assimilator  
  116  11:16  Nexus  
  116  11:18  Pylon  
  116  11:20  Assimilator, Pylon  
  116  11:48  Photon Cannon  
  116  11:52  Photon Cannon  
  116  11:55  Photon Cannon  
  116  11:58  Shield Battery, Photon Cannon  
  116  12:01  Adept x3  
  116  12:02  Adept x4  
  130  12:14  Archon  
Show
View Real Time Build Order
Export as new Build Order

ILIEKEGGPIE Protoss 

Build Orders: Double Forge 

Get SALT Encoding   

  12  0:01  Probe  
  13  0:13  Probe  
  14  0:19  Pylon  
  14  0:26  Probe  
  15  0:34  Probe  
  16  0:47  Probe  
  16  0:49  Gateway  
  16  0:54  Assimilator  
  17  0:59  Probe  
  18  1:08  Gateway  
  18  1:11  Probe  
  18  1:17  Pylon  
  19  1:25  Probe  
  20  1:37  Probe  
  20  1:38  Cybernetics Core  
  21  1:50  Zealot, Probe  
  24  2:02  Probe  
  24  2:03  Assimilator  
  25  2:29  Stalker  
  25  2:33  Warp Gate  
  25  2:35  Nexus  
  27  2:43  Stalker  
  29  2:55  Probe  
  29  2:56  Pylon  
  30  3:12  Robotics Facility  
  30  3:15  Stalker  
  32  3:21  Stalker  
  34  3:48  Gateway  
  34  3:56  Observer, Pylon  
  34  3:58  Probe x2  
  37  4:10  Probe x2  
  39  4:17  Forge  
  39  4:20  Observer, Probe  
  39  4:22  Probe, Forge  
  42  4:28  Probe  
  42  4:34  Probe  
  44  4:40  Twilight Council  
  44  4:45  Probe  
  44  4:48  Probe  
  46  4:53  Probe  
  46  4:59  Protoss Ground Armor Level 1, Protoss Ground Weapons Level 1  
  47  5:00  Probe  
  47  5:05  Probe  
  48  5:12  Probe  
  50  5:14  Sentry x2  
  50  5:15  Adept  
  55  5:23  Pylon  
  55  5:36  Charge  
  55  5:38  Gateway x2  
  55  5:41  Assimilator  
  55  5:47  Pylon  
  55  5:48  Assimilator  
  55  5:49  Immortal  
  59  5:52  Pylon  
  59  6:02  Stalker x2  
  59  6:26  Stalker x3  
  51  7:00  Immortal  
  55  7:01  Adept  
  55  7:02  Adept x3  
  63  7:15  Pylon  
  63  7:24  Protoss Ground Weapons Level 2  
  63  7:29  Zealot x2  
  67  7:30  Zealot x3  
  73  7:38  Probe  
  73  7:42  Probe  
  75  7:44  Immortal  
  75  7:45  Gateway  
  75  7:46  Probe  
  75  7:47  Gateway  
  75  7:49  Gateway  
  75  7:51  Gateway  
  80  7:54  Probe  
  81  8:08  Zealot x2  
  81  8:09  Sentry  
  81  8:10  Adept x2  
  91  8:21  Templar Archives  
  91  8:31  Stalker  
  91  8:51  Pylon  
  91  8:53  Pylon  
  84  9:00  Photon Cannon  
  84  9:02  High Templar, Pylon  
  84  9:13  High Templar  
  86  9:23  Archon  
  84  9:35  Pylon  
  84  9:39  Pylon  
  84  9:45  Pylon  
  84  9:48  Pylon  
  84  9:49  Protoss Ground Armor Level 2  
  84  9:50  Photon Cannon  
  84  9:52  Photon Cannon  
  84  9:53  Probe x2  
  84  9:56  Photon Cannon  
  84  9:58  Photon Cannon  
  86  10:06  Probe x2  
  88  10:17  Pylon  
  88  10:18  Probe  
  88  10:19  Pylon x2  
  89  10:35  Adept x3  
  95  10:57  High Templar x2  
  95  10:58  High Templar x2  
  95  11:00  High Templar  
  95  11:03  Archon  
  95  11:04  Archon  
  105  11:16  Pylon  
  105  11:17  Nexus  
  105  11:25  High Templar  
  107  11:26  High Templar  
  107  11:30  Archon  
  109  11:37  Warp Prism  
  109  11:51  High Templar  
  109  11:53  Zealot x3  
  109  11:54  Zealot  
Show
View Real Time Build Order
Export as new Build Order

DomreiRoam Terran 

Build Orders: Cyclone Opening, MMM Bio 

Get SALT Encoding   

  12  0:01  SCV  
  13  0:13  SCV  
  14  0:25  Supply Depot, SCV  
  15  0:47  SCV  
  15  0:49  Barracks  
  16  0:55  Refinery  
  16  0:59  SCV  
  17  1:11  SCV  
  17  1:15  Barracks  
  18  1:23  SCV  
  19  1:36  Orbital Command  
  19  1:40  Supply Depot  
  19  1:41  Marine  
  20  2:01  Factory  
  20  2:07  Marine x2  
  22  2:14  Supply Depot  
  22  2:22  SCV  
  23  2:24  Refinery, Marine  
  24  2:37  Supply Depot  
  24  2:44  Barracks Reactor  
  24  2:46  Barracks Tech Lab  
  24  2:52  Engineering Bay, SCV  
  25  2:59  Cyclone  
  25  3:05  SCV  
  29  3:17  SCV  
  30  3:20  Stimpack  
  30  3:36  Barracks Reactor  
  30  3:40  Marauder  
  32  3:44  SCV  
  33  3:56  SCV  
  34  4:03  Command Center  
  34  4:04  Missile Turret  
  34  4:05  Hellion  
  34  4:09  Refinery  
  36  4:12  Refinery, Hellion  
  38  4:22  Marine x3  
  41  4:25  SCV  
  42  4:40  Hellion x2  
  42  4:42  SCV  
  47  5:14  Marine x2  
  47  5:20  Cyclone x2  
  47  5:21  Combat Shields  
  55  5:22  Orbital Command  
  55  5:36  Marauder, Marine x2  
  59  5:54  Marine x2  
  61  6:18  Marauder  
  41  6:43  Marine x3  
  34  6:50  Widow Mine  
  34  6:51  Widow Mine  
  36  7:01  Barracks x2  
  36  7:07  Starport  
  36  7:12  Widow Mine x2  
  38  7:17  Missile Turret  
  38  7:33  Widow Mine x2  
  38  7:35  Concussive Shells  
  42  7:42  Terran Infantry Weapons Level 1  
  42  7:53  Barracks Tech Lab x2  
  42  8:18  SCV  
  41  8:23  Cyclone x2  
  41  8:25  Marauder  
  49  8:27  Missile Turret  
  49  8:28  Marauder x2  
  53  8:39  Starport Reactor  
  53  8:40  Marine x2  
  55  8:46  Marauder  
  57  8:49  Marauder x2, SCV  
  57  8:54  Supply Depot x2  
  62  8:55  Supply Depot x2  
  62  9:15  Marauder x3, Marine x2  
  62  9:17  SCV  
  71  9:33  Marine x2  
  71  9:37  Marauder x3  
  79  9:39  Medivac x2  
  79  9:44  Supply Depot  
  83  9:51  Marine x2  
  77  9:58  Marauder x3  
  81  10:07  Supply Depot  
  81  10:10  Medivac x2  
  82  10:31  Supply Depot  
  78  10:42  Marauder x3, Marine x2  
  71  10:47  Medivac x2  
  71  10:49  SCV x2  
  74  11:00  Marine x2  
  74  11:01  SCV x2  
  74  11:03  Marauder x2  
  74  11:04  Marauder  
  84  11:18  Marine  
  85  11:19  Armory  
  85  11:23  Marine  
  85  11:25  Marauder x3  
  92  11:36  Marine  
  92  11:37  Missile Turret  
  93  11:41  Marine  
  93  11:45  Marine  
  93  11:46  Marine x2  
  97  11:53  Marine  
  98  11:59  Marine  
  99  12:08  Command Center  
Show
View Real Time Build Order
Export as new Build Order

Siwy Zerg 

Build Orders: Pool First 

Get SALT Encoding   

  12  0:01  Drone  
  13  0:09  Drone  
  14  0:14  Extractor  
  14  0:17  Drone  
  14  0:37  Spawning Pool  
  14  0:42  Overlord  
  13  0:49  Drone  
  14  0:58  Overlord  
  14  1:10  Drone x2  
  16  1:24  Metabolic Boost  
  16  1:27  Zergling x2  
  16  1:28  Zergling x2  
  18  1:38  Zergling x2  
  19  1:45  Queen  
  21  1:52  Zergling x2  
  22  2:10  Zergling x4  
  23  2:40  Zergling x4  
  25  2:50  Hatchery  
  24  2:57  Drone x2  
  26  3:05  Extractor  
  26  3:06  Drone  
  26  3:10  Drone x3  
  29  3:23  Overlord  
  29  3:26  Overlord  
  29  3:30  Lair  
  29  3:54  Drone x2  
  31  3:57  Drone x2  
  31  4:02  Queen  
  33  4:03  Drone  
  36  4:19  Drone  
  36  4:23  Extractor  
  36  4:24  Extractor  
  35  4:25  Drone  
  35  4:31  Spire  
  35  4:32  Overseer  
  35  4:35  Drone  
  35  4:36  Drone x4  
  40  4:39  Drone  
  41  4:56  Drone x3  
  41  4:57  Drone  
  46  5:00  Drone x2  
  47  5:07  Overlord  
  47  5:12  Pneumatized Carapace  
  47  5:31  Overseer  
  47  5:42  Overlord x2  
  47  5:49  Mutalisk x3  
  47  5:50  Mutalisk x2  
  47  5:54  Drone x2  
  52  6:19  Mutalisk  
  52  6:20  Mutalisk x3  
  61  6:25  Drone x2  
  61  6:26  Drone x2  
  64  6:44  Mutalisk x3  
  64  6:45  Hatchery, Extractor  
  68  6:49  Extractor  
  64  7:26  Mutalisk x3  
  64  7:27  Mutalisk  
  72  7:32  Drone  
  72  7:33  Drone  
  72  7:34  Drone x2  
  76  7:37  Overlord x2  
  76  7:38  Overlord  
  76  7:57  Drone  
  77  8:18  Mutalisk x6  
  89  9:20  Mutalisk x4  
  89  9:21  Mutalisk x4  
  105  9:24  Overlord x2  
  105  9:27  Overlord  
  105  9:28  Overlord x3  
  105  9:52  Mutalisk x3  
  105  9:53  Mutalisk  
  105  9:55  Mutalisk x2  
  105  9:56  Mutalisk x2  
  105  9:58  Hatchery  
  120  10:21  Zerg Flyer Weapons Level 1  
  118  10:51  Queen  
  118  10:54  Drone x3  
  123  11:01  Mutalisk x3  
  123  11:02  Mutalisk x3  
  135  11:07  Drone x2  
  135  11:08  Mutalisk, Drone x2  
  135  11:09  Mutalisk x2  
  145  11:14  Mutalisk  
  147  11:32  Overseer  
  147  11:34  Overseer x2  
  147  11:36  Hatchery  
  147  11:38  Extractor  
  147  11:39  Extractor  
  144  11:49  Mutalisk x5  
Tags
 
Add a new tag
Caveats
  • Supply blocks, unpowered buildings, or Contaminate may cause inaccurate times.
  • Supply counts are checked every 10 seconds.